 Dungeon Crawl Stone Soup version 0.30-a0-165-g1891117ce2 (webtiles) character file.

Game seed: 16812743351669942467

2 porpoise the Charlatan (level 1, -11/12 HPs)
             Began as a Kobold Artificer on Sept 29, 2022.
             Mangled by a kobold
             ... wielding a +2 dagger of electrocution
              (14 damage)
             ... on level 1 of the Dungeon.
             The game lasted 00:01:08 (167 turns).

porpoise the Charlatan (Kobold Artificer)            Turns: 167, Time: 00:01:09

Health: -11/12     AC:  3    Str:  9    XL:     1   Next: 44%
Magic:  1/1        EV: 14    Int: 12    God:
Gold:   0          SH:  0    Dex: 15    Spells: 0/0 levels left

rFire   . . .      SeeInvis .    j - +0 dagger
rCold   . . .      Faith    .    (no shield)
rNeg    . . .      Spirit   .    b - +0 leather armour
rPois   .          Reflect  .    (no helmet)
rElec   .          Harm     .    (no cloak)
rCorr   .          Rampage  .    (no gloves)
Will    .....                    (no boots)
Stlth   +++.......               (no amulet)
HPRegen 0.04/turn                (no ring)
MPRegen 0.07/turn                (no ring)

@: no status effects
A: small, no large weapons, nightstalker 3
a: no special abilities


You were on level 1 of the Dungeon.
You visited 1 branch of the dungeon, and saw 1 of its levels.

Inventory:

Hand Weapons
 a - a +0 club
 j - a +0 dagger (weapon)
Armour
 b - a +0 leather armour (worn)
Wands
 c - a wand of flame (15) (quivered)
 d - a wand of charming (15)
 e - a wand of iceblast (5)
Scrolls
 g - a scroll of magic mapping {unknown}
 h - a scroll of amnesia {unknown}
Potions
 f - a potion of curing {unknown}
 i - a potion of mutation {unknown}


   Skills:
 + Level 1.2 Fighting
 - Level 0.7 Armour
 - Level 2.4 Dodging
 * Level 1.8 Stealth
 - Level 3.6 Evocations


You couldn't memorise any spells.
You didn't know any spells.
Your spell library was empty.

Dungeon Overview and Level Annotations

Branches:
Dungeon (1/15)

Altars:


Innate Abilities, Weirdness & Mutations

You are small and have problems with some larger weapons.
You are completely attuned to the shadows.


Message History

You hit the rat.
The rat is severely wounded.
The rat closely misses you.
You closely miss the rat.
The rat is severely wounded.
The rat closely misses you. The rat bites you.
You hit the rat.
You kill the rat!
You start resting.
HP restored.
i - a bubbling grey potion
Found a dagger.
A rat comes into view.
A kobold comes into view.
It is wielding a +2 dagger of electrocution.
The helpless rat fails to defend itself.
You hit the rat.
The rat is moderately wounded.
The rat bites you.
You hit the rat but do no damage.
The rat is moderately wounded.
The rat bites you but does no damage.
You hit the rat.
You kill the rat!
The kobold throws a stone.
The stone closely misses you.
The kobold hits you with a +2 dagger of electrocution.
You see here a +0 dagger.
j - a +0 dagger The kobold closely misses you.
You barely miss the kobold. The kobold barely misses you.
j - a +0 dagger (weapon)
The kobold closely misses you.
You barely miss the kobold.
The kobold hits you with a +2 dagger of electrocution.
You barely miss the kobold. The kobold completely misses you.
You closely miss the kobold.
The kobold hits you with a +2 dagger of electrocution.
* * * LOW HITPOINT WARNING * * *
You are electrocuted!
Ouch! That really hurt!
You die...

####.........
......†.....
#######..>...
##........
#..........
#..........
#..........
#..........
#.....@K...
..........#
#..........
#..........
#..........
#........


You could see a kobold.

Vanquished Creatures
  A quokka (D:1)
  2 rats (D:1)
3 creatures vanquished.

Notes
Turn   | Place    | Note
-------+----------+-------------------------------------------
     0 | D:1      | porpoise the Kobold Artificer began the quest for the Orb.
     0 | D:1      | Reached XP level 1. HP: 12/12 MP: 1/1
   167 | D:1      | Mangled by a kobold

Illustrated notes

Levels and vault maps discovered:
D:1:      nicolae_arrival_washed_ashore, layout_rooms

Action                   || total
-------------------------++-------
Melee: Club              ||    17
       Dagger            ||     3
 Stab: Sleeping          ||     2
Armor: Leather armour    ||     1
Dodge: Dodged            ||    19

Table legend: (Time is in decaauts)
 A = Elapsed time spent in this place.
 B = Non-inter-level travel time spent in this place.
 C = Inter-level travel time spent in this place.
 D = Time resting spent in this place.
 E = Time spent auto-exploring this place.
 F = Levels seen in this place.
 G = Mean time per level.
                   A        B        C        D        E       F      G
               +--------+--------+--------+--------+--------+-----+--------+
         Total |    174 |    174 |      0 |     67 |     49 |   1 |  174.0 |
       Dungeon |    174 |    174 |      0 |     67 |     49 |   1 |  174.0 |
               +--------+--------+--------+--------+--------+-----+--------+

Top non-repeatable levels by time:
     D:1: 174 daAuts
